 Dungeon Crawl Stone Soup version 0.30.1-4-g462c640d31 (webtiles) character file.

Game seed: 16506642378157180277

210 safid the Chiller (level 5, 0/41 HPs)
             Began as a Merfolk Ice Elementalist on Sept 14, 2023.
             Slain by a mummy (2 damage)
             ... in an ossuary.
             The game lasted 00:03:57 (2749 turns).

safid the Chiller (Merfolk Ice Elementalist)        Turns: 2749, Time: 00:03:58

Health: 0/41       AC:  9    Str:  9    XL:     5   Next: 88%
Magic:  18/19      EV: 12    Int: 16    God:
Gold:   159        SH:  0    Dex: 14    Spells: 4/11 levels left

rFire   + . .        e - +0 spear
rCold   . . .        (no shield)
rNeg    . . .        a - +0 robe
rPois   .            (no helmet)
rElec   .            (no cloak)
rCorr   .            w - +0 pair of gloves
SInv    .            (no boots)
Will    .....        s - amulet of regeneration
Stlth   ++           j - ring of protection from fire
HPRegen 1.06/turn    r - ring of magical power
MPRegen 0.16/turn

%: no passive effects
@: ice-armoured, marked, hasted, very quick
A: (nimble swimmer 2), mertail
a: no special abilities


You were in an ossuary.
You visited 1 branch of the dungeon, and saw 4 of its levels.
You also visited: Ossuary.

You collected 159 gold pieces.

Inventory:

Hand Weapons
 e - a +0 spear (weapon)
Armour
 a - a +0 robe (worn)
 w - a +0 pair of gloves (worn)
Jewellery
 j - a ring of protection from fire (left hand)
 r - a ring of magical power (right hand)
 s - an amulet of regeneration (around neck)
 t - a ring of positive energy
Scrolls
 c - a scroll of silence {unknown}
 f - 2 scrolls of enchant weapon {unknown}
 g - 6 scrolls of identify {unknown}
 i - a scroll of fear {unknown}
 k - 2 scrolls of noise {unknown}
 l - a scroll of vulnerability {unknown}
 p - a scroll of poison {unknown}
 q - 3 scrolls of teleportation {unknown}
 y - 2 scrolls of butterflies {unknown}
Potions
 b - a potion of magic
 d - 2 potions of mutation {unknown}
 h - 2 potions of might {unknown}
 m - a potion of flight {unknown}
 n - a potion of attraction {unknown}
 o - a potion of invisibility {unknown}
 u - 3 potions of curing
 v - a potion of heal wounds {unknown}
 x - 2 potions of haste
 z - a potion of brilliance {unknown}


   Skills:
 + Level 3.2 Fighting
 - Level 2.6 Dodging
 - Level 2.1 Stealth
 + Level 3.5 Spellcasting
 + Level 5.6 Ice Magic


You had 4 spell levels left.
You knew the following spells:

 Your Spells              Type           Power      Damage    Failure   Level
a - Freeze                Ice            84%        1d9       1%          1
b - Frozen Ramparts       Ice            42%        1d7       5%          3
c - Ozocubu's Armour      Ice            21%        N/A       5%          3

Your spell library contained the following spells:

 Spells                   Type           Power      Damage    Failure   Level
 Beastly Appendage        Tmut           4%         N/A       19%         1
 Wereblood                Tmut           2%         N/A       26%         2
 Spider Form              Tmut/Pois      2%         N/A       47%         3
 Summon Ice Beast         Ice/Summ       11%        N/A       50%         4
 Olgreb's Toxic Radiance  Pois           2%         N/A       87%         4
 Borgnjor's Revivificati  Necr           1%         N/A       100%        8
 Discord                  Hex            1%         N/A       100%        8
 Ignition                 Fire           1%         3d3       100%        8
 Necromutation            Tmut/Necr      1%         N/A       100%        8
 Death's Door             Necr           1%         N/A       100%        9


Dungeon Overview and Level Annotations

Branches:
Dungeon (4/15)            Ossuary (1/1)
 Temple: D:4-7

Altars:
Fedhas
Hepliaklqana
Zin
The Shining One


Innate Abilities, Weirdness & Mutations

((You are very nimble when in or above water. (Stealth+, EV+, Speed+++)))
Your lower body shifts to a powerful aquatic tail in water.


Message History

You hit the mummy.
The mummy is almost destroyed.
The mummy misses you. The mummy closely misses you.
You hit the mummy but do no damage.
The mummy is almost destroyed.
The mummy hits you!
You hit the mummy but do no damage.
The mummy is almost destroyed.
The mummy hits you!
You are too injured to fight recklessly!
You are too injured to fight recklessly!
You are too injured to fight recklessly!
You are too injured to fight recklessly!
You are too injured to fight recklessly!
You are too injured to fight recklessly!
You are too injured to fight recklessly!
You are too injured to fight recklessly!
You are too injured to fight recklessly!
You are too injured to fight recklessly!
You are too injured to fight recklessly!
You are too injured to fight recklessly!
You are too injured to fight recklessly!
You are too injured to fight recklessly!
You are too injured to fight recklessly!
You are too injured to fight recklessly!
You are too injured to fight recklessly!
You are too injured to fight recklessly!
You are too injured to fight recklessly!
You are too injured to fight recklessly!
You are too injured to fight recklessly!
Unknown command.
You hit the mummy but do no damage.
The mummy is severely damaged.
The mummy hits you but does no damage. The mummy hits you!
* * * LOW HITPOINT WARNING * * *
Unknown command.
It was a potion of curing.
You feel better. The mummy hits you!
* * * LOW HITPOINT WARNING * * *
It was a potion of haste.
You feel yourself speed up. The mummy hits you.
You die...

## ##. !? #####
?. #...# #. #.!.#
#. ##.## ###M###
#.### ##..M@.##
##.'.#
##.....^.###..###
#......^..#..^'.#
+....⌠....'...###
#.........#...'.#
##.......###..###
##.....## ##.'.#
###'### #.### #.#
##.##


You could see 2 mummies.

Vanquished Creatures
  A centaur zombie (Ossuary)
  A human zombie (Ossuary)
  A sleepcap (D:3)
  An iguana (D:4)
  2 adders
  2 worms (D:2)
  A dart slug (D:4)
  6 orcs
  2 endoplasms
  9 giant cockroaches
  2 goblins
  6 hobgoblins
  3 jackals (D:2)
  7 kobolds
  3 quokkas
  6 ball pythons
  3 bats
  3 frilled lizards
  A kobold zombie (Ossuary)
  An orc zombie (Ossuary)
  5 rats
66 creatures vanquished.

Notes
Turn   | Place    | Note
-------+----------+-------------------------------------------
     0 | D:1      | safid the Merfolk Ice Elementalist began the quest for the
                  | Orb.
     0 | D:1      | Reached XP level 1. HP: 13/13 MP: 3/3
   308 | D:1      | Reached XP level 2. HP: 20/20 MP: 5/5
   390 | D:1      | Reached skill level 1 in Fighting
   458 | D:1      | Found a faded altar of an unknown god.
   681 | D:1      | Reached XP level 3. HP: 19/26 MP: 6/6
   685 | D:1      | Learned a level 3 spell: Frozen Ramparts
  1033 | D:2      | Found a glowing silver altar of Zin.
  1281 | D:2      | Reached skill level 5 in Ice Magic
  1386 | D:2      | Reached XP level 4. HP: 17/33 MP: 6/8
  1907 | D:3      | Learned a level 3 spell: Ozocubu's Armour
  1977 | D:3      | Found a hazy altar of Hepliaklqana.
  2194 | D:3      | Found a blossoming altar of Fedhas.
  2368 | D:3      | Found a glowing golden altar of the Shining One.
  2506 | D:4      | Reached XP level 5. HP: 28/39 MP: 9/9
  2536 | D:4      | Found a sand-covered staircase.
  2564 | Ossuary  | Entered an ossuary
  2748 | Ossuary  | HP: 1/41 [mummy (15)]
  2749 | Ossuary  | Slain by a mummy

Illustrated notes

Levels and vault maps discovered:
D:1:      dpeg_arrival_rhombi, layout_loops_ring,
          hellmonk_ecumenical_altar_heavens_door,
          amcnicky_mini_rare_corridor_liquid
D:2:      layout_basic, basic_altar, grunt_ministairs_8, minmay_pentomino_o2
D:3:      minmay_roachtagon, layout_rooms, old_standard_altar,
          nicolae_hepliaklqana_hazy_memory, lemuel_tele_altar
D:4:      layout_rooms, mainiacjoe_overflow_alcove_2,
          lightli_ossuary_entry_decrepit_ruins, serial_bayou_lagoon_a,
          uniq_eustachio
Ossuary:  ossuary_crypta

Skill      XL: |  1  2  3  4  5 |
---------------+----------------+-----
Fighting       | 1 2 3 |  3.2
Ice Magic      | 5 |  5.6
Spellcasting   | 3 |  3.5
Dodging        | |  2.6
Stealth        | |  2.1

Action                     |  1- 3 |  4- 6 || total
---------------------------+-------+-------++-------
  Melee: Spear             |   164 |   139 ||   303
         Punch             |     2 |     2 ||     4
   Cast: Freeze            |    12 |    12 ||    24
         Frozen Ramparts   |     2 |     5 ||     7
         Ozocubu's Armour  |       |     5 ||     5
    Use: Potion            |       |     2 ||     2
   Stab: Sleeping          |     4 |     3 ||     7
 Armour: Robe              |    24 |    44 ||    68
  Dodge: Dodged            |   108 |    87 ||   195
